 Dungeon Crawl Stone Soup version 0.31-a0-214-gb37851dbb3 (webtiles) character file.

Game seed: 2083334333961195810

34 qw the Shooter (level 3, -3/29 HPs)
             Began as a Minotaur Hexslinger on July 1, 2023.
             Slain by Sigmund
             ... wielding a +0 scythe
              (10 damage)
             ... on level 2 of the Dungeon.
             The game lasted 00:00:21 (998 turns).

qw the Shooter (Minotaur Hexslinger)                 Turns: 998, Time: 00:00:21

Health: -3/29      AC:  3    Str: 12    XL:     3   Next: 14%
Magic:  3/3        EV: 12    Int: 10    God:
Gold:   66         SH:  0    Dex: 14    Spells: 3/4 levels left

rFire   . . .        Y - +2 sling
rCold   . . .        (no shield)
rNeg    . . .        c - +0 robe
rPois   .            (helmet restricted)
rElec   .            (no cloak)
rCorr   .            (no gloves)
SInv    .            (no boots)
Will    .....        (no amulet)
Stlth   +            (no ring)
HPRegen 0.24/turn    (no ring)
MPRegen 0.08/turn

%: no passive effects
@: no status effects
A: horns 2, retaliatory headbutt, shaggy fur 1, teleportitis 1, evolution 1
a: no special abilities


You were on level 2 of the Dungeon.
You visited 1 branch of the dungeon, and saw 2 of its levels.

You collected 66 gold pieces.


Innate Abilities, Weirdness & Mutations

You have a pair of horns on your head.
You reflexively headbutt those who attack you in melee.
You are covered in fur. (AC +1)
You are occasionally teleported next to monsters.
You have hidden genetic potential.


   Skills:
 - Level 2.0 Fighting
 + Level 3.7 Ranged Weapons
 - Level 2.1 Dodging
 - Level 1.0 Spellcasting
 - Level 2.0 Hexes


You had 3 spell levels left.
You knew the following spells:

 Your Spells              Type           Power      Damage    Failure   Level
a - Slow                  Hex            16%        N/A       16%         1

Your spell library contained the following spells:

 Spells                   Type           Power      Damage    Failure   Level
 Inner Flame              Hex/Fire       2%         N/A       56%         3
 Portal Projectile        Hex/Tloc       4%         N/A       56%         3
 Cause Fear               Hex            2%         N/A       83%         4

Inventory:

Hand Weapons
 Y - a +2 sling (weapon)
Armour
 b - a +0 leather armour
 c - a +0 robe (worn)
Scrolls
 a - a scroll of teleportation {unknown}
 e - a scroll of identify
Potions
 h - a potion of cancellation
 j - a potion of magic {unknown}
 k - a potion of lignification {unknown}
 m - a potion of haste

Dungeon Overview and Level Annotations

Branches:
Dungeon (2/15)

Altars:

Shops:
D:2 (

Annotations:
D:2 Sigmund


Message History

Enter note:
Enter note:
Enter note:
Enter note:
Enter note: You shoot a sling bullet.
The sling bullet hits Sigmund.
Sigmund shouts!
Sigmund is lightly wounded.
You shoot a sling bullet.
The sling bullet closely misses Sigmund.
You shoot a sling bullet. The sling bullet barely misses Sigmund.
Sigmund gestures at you while chanting. The puff of flame hits you.
You shoot a sling bullet. The sling bullet hits Sigmund.
Sigmund is moderately wounded.
Sigmund gestures at you while chanting.
You are confused.
A giant cockroach comes into view.
Sigmund closely misses you. Sigmund closely misses you.
You feel less confused.
Sigmund hits you from afar with a +0 scythe!
A goblin comes into view. It is wielding a +0 dagger of speed.
You shoot a sling bullet.
The sling bullet closely misses Sigmund.
The goblin shouts!
Sigmund hits you from afar with a +0 scythe!
The giant cockroach bites you but does no damage.
You shoot a sling bullet.
The sling bullet hits the giant cockroach.
The giant cockroach is severely wounded.
The giant cockroach closely misses you. Sigmund closely misses you.
You shoot a sling bullet.
The sling bullet hits the giant cockroach.
You kill the giant cockroach!
You shoot a sling bullet. The sling bullet barely misses Sigmund.
The sling bullet hits the goblin.
You kill the goblin!
Sigmund hits you from afar with a +0 scythe!
You die...

#################
....)@%@........#
.......##....##.###
.....#. #....##...#
.....>.
#######.######## #..
...
...#................
.... ..
....#.######.########
.... . ........
......# ..# .
......#.# ###.##.#
..#.# #.######.##.#


You could see Sigmund.

Vanquished Creatures
  An adder (D:2)
  3 endoplasms
  2 giant cockroaches
  4 jackals (D:1)
  2 quokkas (D:1)
  A ball python (D:1)
  3 bats (D:1)
  3 frilled lizards (D:1)
  3 goblins
  A kobold (D:2)
  2 rats
25 creatures vanquished.

Notes
Turn   | Place    | Note
-------+----------+-------------------------------------------
     0 | D:1      | qw the Minotaur Hexslinger began the quest for the Orb.
     0 | D:1      | Reached XP level 1. HP: 16/16 MP: 1/1
     0 | D:1      | 0 ||| qw: Version: 0.3-a-32-g5962c71
     0 | D:1      | 0 ||| qw: Game counter: 7391
     0 | D:1      | 0 ||| qw: Melee chars always use a shield: true
     0 | D:1      | 0 ||| qw: God list: Okawaru
     0 | D:1      | 0 ||| qw: Allow faded altars: false
     0 | D:1      | 0 ||| qw: Do Orc after clearing Dungeon:15 true
     0 | D:1      | 0 ||| qw: Do second Lair branch before Depths: true
     0 | D:1      | 0 ||| qw: Lair rune preference: random
     0 | D:1      | 0 ||| qw: Goals: Normal
     0 | D:1      | 0 ||| PLANNING D:1-11
    91 | D:1      | 91 ||| Stepping ~*~*~tactically~*~*~ (water).
   281 | D:1      | Reached skill level 3 in Ranged Weapons
   290 | D:1      | Reached XP level 2. HP: 23/23 MP: 2/2
   706 | D:1      | 706 ||| READING scroll labelled SAOROD VAUNAE.
   707 | D:1      | 707 ||| READING 2 scrolls labelled VIUZUJA TAEL.
   708 | D:1      | 708 ||| READING scroll labelled XICKUL WUATOANGOB.
   709 | D:1      | 709 ||| READING scroll labelled YNUPRU GAIFU.
   710 | D:1      | 710 ||| READING scroll labelled ODASHR MUZA.
   711 | D:1      | 711 ||| DRINKING 2 glowing cyan potions.
   711 | D:1      | Gained mutation: You are frail. (-10% HP) [potion of
                  | mutation]
   711 | D:1      | Gained mutation: Your spells are a little easier to cast,
                  | but a little less powerful. [potion of mutation]
   711 | D:1      | Gained mutation: You have large cloven feet. [potion of
                  | mutation]
   712 | D:1      | 712 ||| DRINKING potion of mutation.
   712 | D:1      | Lost mutation: Your spells are a little easier to cast, but
                  | a little less powerful. [potion of mutation]
   712 | D:1      | Lost mutation: You are frail. (-10% HP) [potion of
                  | mutation]
   712 | D:1      | Lost mutation: You have large cloven feet. [potion of
                  | mutation]
   712 | D:1      | Gained mutation: You are occasionally teleported next to
                  | monsters. [potion of mutation]
   712 | D:1      | Gained mutation: You have hidden genetic potential. [potion
                  | of mutation]
   712 | D:1      | Gained mutation: You are covered in fur. (AC +1) [potion of
                  | mutation]
   721 | D:1      | 721 ||| DRINKING 2 smoky sapphire potions.
   722 | D:1      | 722 ||| DRINKING 2 glowing black potions.
   723 | D:1      | 723 ||| DROPPING scroll of poison.
   759 | D:2      | Reached XP level 3. HP: 29/29 MP: 3/3
   840 | D:2      | Found Costriong's Antique Weapon Shoppe.
   948 | D:2      | 948 ||| SHOPLISTING arbalest (76 gold, have 54).
   984 | D:2      | Noticed Sigmund
   995 | D:2      | HP: 6/29 [Sigmund/+0 scythe (9)]
   998 | D:2      | Slain by Sigmund

Levels and vault maps discovered:
D:1:      dpeg_arrival_castle, layout_basic
D:2:      layout_basic, serial_shops, shop_statue, grunt_ministairs_11,
          uniq_sigmund

Skill      XL: |  1  2 |
---------------+-------+-----
Ranged Weapons | 3 |  3.7
Fighting       | 2 |  2.0
Dodging        | |  2.1
Spellcasting   | |  1.0
Hexes          | |  2.0

Action                     || total
---------------------------++-------
   Fire: Sling             ||    58
    Use: Scroll            ||     5
         Potion            ||     4
 Armour: Robe              ||     2
  Dodge: Dodged            ||    13

Table legend:
 A = Non-vault XP
 B = Vault XP
 C = Vault XP percentage of total XP
 D = Non-vault monster count
 E = Vault monster count
 F = Vault count percentage of total count
                 A         B        C        D         E       F
            +---------+---------+-------+---------+---------+-------
      Total |      51 |       0 |   0.0 |      25 |       0 |   0.0
            +---------+---------+-------+---------+---------+-------
        D:1 |      28 |       0 |   0.0 |      18 |       0 |   0.0
        D:2 |      23 |       0 |   0.0 |       7 |       0 |   0.0
            +---------+---------+-------+---------+---------+-------
